[Event "Titled Tuesday Blitz October 31 Early 2023"]
[White "StiffMaster1"]
[Black "Mora Moron, Jose Ramon"]
[BlackFideId "3902994"]
[WhiteElo "2597"]
[BlackElo "2226"]
[Result "0-1"]
[Round "1"]
[TimeControl "180+1"]
[Date "2023.10.31"]
[WhiteClock "0:00:00"]
[BlackClock "0:01:08"]
[Board "161"]

1. e4 c5 2. Nf3 e6 3. d4 cxd4 4. Nxd4 Nc6 5. Nc3 Qc7 6. f4 a6 7. Be3 b5 8. a3 Bb7 9. Qf3 f5 10. O-O-O Nf6 11. Bd3 b4 12. axb4 Bxb4 13. Nd5 exd5 14. exd5 Nxd4 15. Bxd4 Bxd5 16. Qe3+ Ne4 17. Bxg7 Rg8 18. Be5 Qa5 19. c3 Qa1+ 20. Bb1 Ba2 21. Qd3 Qxb1+ 22. Qxb1 Bxb1 23. Kxb1 Bc5 24. g3 Nf2 25. Rhe1 Nxd1 26. Bd4+ Kd8 27. Bxc5 Nxc3+ 28. bxc3 Rb8+ 29. Kc2 Re8 30. Ra1 Re6 31. Bd4 Ke7 32. Ra5 Rb5 33. Ra1 Rc6 34. Kd3 h5 35. Re1+ Kf7 36. Ra1 Rb2 37. Bg1 Rg2 38. Bd4 Rxh2 39. Ra5 Kg6 40. Rd5 d6 41. c4 Rh3 42. Bf2 h4 0-1


[Site "https://www.chess.com"]

[Event "Titled Tuesday Blitz October 31 Early 2023"]
[White "Tharushi, T H D Niklesha"]
[Black "Manukyan, Sargis A."]
[WhiteFideId "9918264"]
[BlackFideId "13303970"]
[WhiteElo "2224"]
[BlackElo "2595"]
[Result "0-1"]
[Round "1"]
[TimeControl "180+1"]
[Date "2023.10.31"]
[WhiteClock "0:00:13"]
[BlackClock "0:00:31"]
[Board "162"]

1. d4 d5 2. c4 e6 3. Nc3 Nf6 4. cxd5 Nxd5 5. e4 Nxc3 6. bxc3 c5 7. Nf3 cxd4 8. cxd4 Nc6 9. Bc4 Bb4+ 10. Bd2 Bxd2+ 11. Qxd2 O-O 12. O-O Qa5 13. Rfd1 Qxd2 14. Rxd2 Na5 15. Be2 b6 16. Ne1 Bb7 17. f3 Rac8 18. Kf2 Rc7 19. Ke3 Rfc8 20. f4 Kf8 21. Nf3 Ke7 22. Rad1 Rc3+ 23. Rd3 Ba6 24. Rxc3 Rxc3+ 25. Kf2 Bxe2 26. Kxe2 Nc4 27. Nd2 Rc2 28. Kd3 Rxd2+ 29. Rxd2 Nxd2 30. Kxd2 f5 31. e5 Kd7 32. Kd3 Kc6 33. Kc4 b5+ 34. Kb4 Kb6 35. a3 a5+ 36. Kb3 Kc6 37. a4 h6 38. g3 g5 39. h3 g4 40. hxg4 fxg4 41. axb5+ Kxb5 42. f5 exf5 43. d5 Kc5 44. e6 Kd6 45. Ka4 f4 46. gxf4 g3 47. f5 g2 48. f6 g1=Q 49. f7 Qd4+ 50. Kxa5 Qxd5+ 51. Ka6 Ke7 52. Ka7 Qxe6 53. Kb8 Kxf7 0-1


[Site "https://www.chess.com"]

[Event "Titled Tuesday Blitz October 31 Early 2023"]
[White "Di Nicolantonio, Lucas"]
[Black "Witty_Alien"]
[WhiteFideId "680460"]
[WhiteElo "2592"]
[BlackElo "2221"]
[Result "1-0"]
[Round "1"]
[TimeControl "180+1"]
[Date "2023.10.31"]
[WhiteClock "0:00:42"]
[BlackClock "0:00:02"]
[Board "163"]

1. Nf3 g5 2. Nxg5 e5 3. d4 Be7 4. Nf3 e4 5. Ne5 d6 6. Nc4 Bg4 7. h3 Bh5 8. Nc3 Nf6 9. Bg5 b5 10. Ne3 Bg6 11. Nxb5 c6 12. Nc3 Nbd7 13. Nc4 d5 14. Ne5 Qb6 15. Nxd7 Nxd7 16. Bxe7 Kxe7 17. Rb1 e3 18. fxe3 Qc7 19. Kd2 Rab8 20. Qe1 Qa5 21. g4 Nb6 22. Qh4+ f6 23. Qh6 Nc4+ 24. Ke1 Nxb2 25. Bg2 Qxc3+ 26. Kf2 Rhf8 27. h4 f5 28. g5 f4 29. Qg7+ Rf7 30. Qe5+ Kd7 31. Bh3+ Bf5 32. Bxf5+ Rxf5 33. Qxf5+ Ke7 34. Qe5+ Kd7 35. Qf5+ Ke7 36. Qf6+ Kd7 37. Qxf4 Qxc2 38. Qxb8 Nd3+ 39. Kf3 Nb2 40. Rxb2 Qe4+ 41. Kf2 Qxh1 42. Rb7+ Ke6 43. Qe8+ Kf5 44. Qe5+ Kg4 45. Qg3+ Kh5 46. Rxh7+ Kg6 47. Rh6+ Kf7 48. Qc7+ Kg8 49. Rg6+ Kh8 50. Qg7# 1-0


[Site "https://www.chess.com"]

[Event "Titled Tuesday Blitz October 31 Early 2023"]
[White "Kiseljova, Marya"]
[Black "Tifferet, Shaked"]
[WhiteFideId "4155009"]
[BlackFideId "2811529"]
[WhiteElo "2205"]
[BlackElo "2592"]
[Result "1-0"]
[Round "1"]
[TimeControl "180+1"]
[Date "2023.10.31"]
[WhiteClock "0:01:08"]
[BlackClock "0:02:10"]
[Board "164"]

1. d4 b6 2. c4 Bb7 3. Nf3 e6 4. g3 f5 5. Bg2 Bb4+ 6. Nbd2 Nf6 7. O-O O-O 8. Qc2 Ne4 9. a3 Be7 10. b4 a5 11. b5 Nxd2 12. Nxd2 Bxg2 13. Kxg2 d6 14. e4 f4 15. f3 Nd7 16. Nb3 e5 17. c5 a4 18. Nd2 bxc5 19. dxc5 Nxc5 20. Nc4 Kh8 21. Bd2 Nb3 22. Rab1 fxg3 23. hxg3 Bg5 24. Bxg5 Qxg5 25. Rh1 Nd4 1-0


[Site "https://www.chess.com"]

[Event "Titled Tuesday Blitz October 31 Early 2023"]
[White "Barrientos, Sergio E"]
[Black "campochess"]
[WhiteFideId "4401824"]
[WhiteElo "2590"]
[BlackElo "2193"]
[Result "1-0"]
[Round "1"]
[TimeControl "180+1"]
[Date "2023.10.31"]
[WhiteClock "0:02:14"]
[BlackClock "0:01:19"]
[Board "165"]

1. Nf3 c5 2. g3 Nc6 3. e4 g6 4. Bg2 Bg7 5. O-O d6 6. c3 Nf6 7. d4 cxd4 8. cxd4 O-O 9. Nc3 Bg4 10. Be3 Nd7 11. h3 Bxf3 12. Bxf3 Nb6 13. b3 Rc8 14. Rc1 e5 15. dxe5 Nxe5 16. Bg2 Nf3+ 17. Qxf3 Rxc3 18. Rxc3 Bxc3 19. Bxb6 1-0


[Site "https://www.chess.com"]

[Event "Titled Tuesday Blitz October 31 Early 2023"]
[White "Pinales Roussel, Gabriel"]
[Black "Hoang, Thi Bao Tram"]
[WhiteFideId "3101762"]
[BlackFideId "12401102"]
[WhiteElo "2190"]
[BlackElo "2590"]
[Result "0-1"]
[Round "1"]
[TimeControl "180+1"]
[Date "2023.10.31"]
[WhiteClock "0:00:00"]
[BlackClock "0:00:18"]
[Board "166"]

1. d4 d5 2. c4 c5 3. dxc5 d4 4. Nf3 Nc6 5. e3 e5 6. exd4 exd4 7. Bd3 Bxc5 8. O-O Nf6 9. Re1+ Be7 10. a3 O-O 11. Bg5 a5 12. Nbd2 Bg4 13. Qc2 h6 14. Bh4 Rc8 15. Bf5 Bxf5 16. Qxf5 Re8 17. Rad1 Qb6 18. Qb5 Qa7 19. Nb3 Red8 20. Nxa5 d3 21. Nxc6 bxc6 22. Qb3 Rb8 23. Qc3 Kf8 24. Ne5 Rd6 25. Rxd3 Rxd3 26. Nxd3 Rd8 27. Ne5 Qc7 28. Qf3 Rd6 29. Bg3 Qa5 30. Rc1 Re6 31. h3 Qd2 32. Rf1 Bd6 33. Nxc6 Bxg3 34. fxg3 Qxb2 35. Nb4 Qd4+ 36. Qf2 Qxc4 37. Kh2 Kg8 38. Re1 Rd6 39. Nc2 Rc6 40. Ne3 Qc5 41. Qf3 Re6 42. Re2 Qc7 43. Nf5 Rxe2 44. Qxe2 Qc5 45. Ne7+ Kf8 0-1


[Site "https://www.chess.com"]

[Event "Titled Tuesday Blitz October 31 Early 2023"]
[White "Jia, Haoxiang"]
[Black "Mirzanurov, Bulat"]
[WhiteFideId "8602999"]
[BlackFideId "4184521"]
[WhiteElo "2589"]
[BlackElo "2189"]
[Result "1-0"]
[Round "1"]
[TimeControl "180+1"]
[Date "2023.10.31"]
[WhiteClock "0:00:34"]
[BlackClock "0:00:00"]
[Board "167"]

1. d4 d5 2. Bf4 Nf6 3. Nf3 c5 4. dxc5 e6 5. e3 Bxc5 6. c4 Nc6 7. Nc3 O-O 8. cxd5 exd5 9. Be2 Bg4 10. O-O Qd7 11. h3 Bxf3 12. Bxf3 d4 13. Na4 Bd6 14. Bxc6 Qxc6 15. Qxd4 Bxf4 16. Qxf4 Rfe8 17. Rac1 Qb5 18. Rc5 Qd3 19. Nc3 Rad8 20. Rd1 Qc2 21. Rxd8 Rxd8 22. Qc7 Rf8 23. Qxb7 h6 24. Rc8 Qc1+ 25. Kh2 Rxc8 26. Qxc8+ Kh7 27. Qf5+ Kh8 28. Qb5 Qd2 29. Qe2 Qd6+ 30. g3 Qb4 31. a3 Qc5 32. Qb5 Qd6 33. Qe2 h5 34. e4 Qe5 35. f4 Qc5 36. e5 Nh7 37. Ne4 Qd4 38. Nd6 f6 39. e6 Qxd6 40. e7 1-0


[Site "https://www.chess.com"]

[Event "Titled Tuesday Blitz October 31 Early 2023"]
[White "Rodriguez Dominguez, Melissa"]
[Black "Aaditya Dhingra"]
[WhiteFideId "3517560"]
[BlackFideId "25678191"]
[WhiteElo "2186"]
[BlackElo "2586"]
[Result "0-1"]
[Round "1"]
[TimeControl "180+1"]
[Date "2023.10.31"]
[WhiteClock "0:00:14"]
[BlackClock "0:00:41"]
[Board "168"]

1. e4 c6 2. c4 e5 3. Nf3 d6 4. d4 Nd7 5. Nc3 Ngf6 6. Be2 Qc7 7. O-O g6 8. h3 Bg7 9. Be3 O-O 10. d5 c5 11. Rb1 b6 12. b4 cxb4 13. Nb5 Qb8 14. Rxb4 Nxe4 15. a4 a6 16. Na3 Qc7 17. Qb3 Nec5 18. Qb1 h6 19. Qc1 Kh7 20. Nh2 f5 21. f4 exf4 22. Bxf4 Ne5 23. Qb1 Ne4 24. Qb3 Nd7 25. Qb1 Nc3 26. Qc2 Qc5+ 27. Kh1 Qxb4 28. Bd2 Qxa3 0-1


[Site "https://www.chess.com"]

[Event "Titled Tuesday Blitz October 31 Early 2023"]
[White "Omelja, Artem"]
[Black "Floresvillar Gonzalez, Luis Migu"]
[WhiteFideId "14119846"]
[BlackFideId "5100542"]
[WhiteElo "2581"]
[BlackElo "2183"]
[Result "1-0"]
[Round "1"]
[TimeControl "180+1"]
[Date "2023.10.31"]
[WhiteClock "0:01:51"]
[BlackClock "0:00:01"]
[Board "169"]

1. e4 c6 2. d4 d5 3. e5 c5 4. Nf3 Bg4 5. dxc5 Nc6 6. h3 Bxf3 7. Qxf3 Nxe5 8. Qb3 Qd7 9. Bf4 Nc6 10. Nc3 e6 11. O-O-O Bxc5 12. Nxd5 exd5 13. Rxd5 Qe7 14. Bb5 Kf8 15. Rhd1 Nf6 16. Rxc5 Qxc5 17. Bd6+ Qxd6 18. Rxd6 Rd8 19. Qa3 Rxd6 20. Qxd6+ Ne7 21. Qd8+ 1-0


[Site "https://www.chess.com"]

[Event "Titled Tuesday Blitz October 31 Early 2023"]
[White "Andreev, Konstantin"]
[Black "Mishra, Manoj"]
[WhiteFideId "24239305"]
[BlackFideId "5006007"]
[WhiteElo "2578"]
[BlackElo "2170"]
[Result "0-1"]
[Round "1"]
[TimeControl "180+1"]
[Date "2023.10.31"]
[WhiteClock "0:02:16"]
[BlackClock "0:01:25"]
[Board "171"]

1. e4 c5 2. Nf3 d6 3. d4 cxd4 4. Nxd4 Nf6 5. Nc3 a6 6. h4 e5 7. Nb3 Be6 8. f4 Be7 9. f5 Bxb3 10. axb3 Nc6 11. g4 h6 12. Be3 Nd7 13. Bf2 Nc5 14. Qd2 Nd4 15. O-O-O Ndxb3+ 16. cxb3 Nxb3+ 17. Kb1 Nxd2+ 18. Rxd2 Qa5 19. Bc4 b5 20. Bb3 Rc8 21. Nd5 Qxd2 0-1


[Site "https://www.chess.com"]

[Event "Titled Tuesday Blitz October 31 Early 2023"]
[White "MIM06"]
[Black "Wartiovaara, Oliver"]
[BlackFideId "513024"]
[WhiteElo "2169"]
[BlackElo "2573"]
[Result "1-0"]
[Round "1"]
[TimeControl "180+1"]
[Date "2023.10.31"]
[WhiteClock "0:01:21"]
[BlackClock "0:00:48"]
[Board "172"]

1. e4 e5 2. Nf3 Nc6 3. Bb5 a6 4. Ba4 Nf6 5. d3 b5 6. Bb3 Be7 7. c3 O-O 8. O-O d6 9. Re1 h6 10. a4 Rb8 11. h3 Na5 12. Bc2 c5 13. d4 exd4 14. cxd4 Nd7 15. axb5 axb5 16. Nc3 Re8 17. Nd5 Bf8 18. Bf4 c4 19. e5 Bb7 20. Nb4 dxe5 21. Nxe5 Nxe5 22. Bxe5 Bxb4 23. Qg4 Bxe1 24. Qxg7# 1-0


[Site "https://www.chess.com"]

[Event "Titled Tuesday Blitz October 31 Early 2023"]
[White "Gontcharov, Vladislav"]
[Black "knightinshiningarmour16"]
[WhiteFideId "4123492"]
[WhiteElo "2573"]
[BlackElo "2166"]
[Result "1-0"]
[Round "1"]
[TimeControl "180+1"]
[Date "2023.10.31"]
[WhiteClock "0:00:43"]
[BlackClock "0:00:55"]
[Board "173"]

1. d4 Nf6 2. c4 e6 3. Nc3 b6 4. Nf3 Ba6 5. e3 Be7 6. Bd3 O-O 7. O-O c5 8. d5 exd5 9. cxd5 Bxd3 10. Qxd3 d6 11. h3 Nbd7 12. e4 a6 13. a4 Qc7 14. Bf4 Rfe8 15. Bh2 Bf8 16. Rfe1 h6 17. Nd2 Ne5 18. Qe2 Qb7 19. f4 Ned7 20. Qd3 Rab8 21. e5 dxe5 22. fxe5 Nh7 23. e6 fxe6 24. Bxb8 Nxb8 25. Rxe6 Rxe6 26. dxe6 Nc6 27. Nf3 Nf6 28. Nd5 Nb4 29. Nxf6+ gxf6 30. Qg6+ Qg7 31. Qe4 Bd6 32. Rd1 Qe7 33. Nh4 Be5 34. Qg6+ Qg7 35. Rd8# 1-0


[Site "https://www.chess.com"]

[Event "Titled Tuesday Blitz October 31 Early 2023"]
[White "Fernandez Hernandez, Gerardo"]
[Black "Alonso Rosell, Alvar"]
[WhiteFideId "2207400"]
[BlackFideId "2270544"]
[WhiteElo "2158"]
[BlackElo "2572"]
[Result "0-1"]
[Round "1"]
[TimeControl "180+1"]
[Date "2023.10.31"]
[WhiteClock "0:00:00"]
[BlackClock "0:00:28"]
[Board "174"]

1. e4 c6 2. d4 d5 3. exd5 cxd5 4. c4 Nf6 5. Nc3 Nc6 6. Bf4 e6 7. c5 Be7 8. Nf3 O-O 9. Bb5 a6 10. Bxc6 bxc6 11. O-O Nd7 12. Qa4 Bb7 13. Rfe1 Re8 14. b4 Bf6 15. Ne5 Nxe5 16. Bxe5 Bxe5 17. Rxe5 Qh4 18. Qd1 f6 19. Rh5 Qf4 20. g3 Qc7 21. Na4 a5 22. Nb6 Ra7 23. a3 e5 24. dxe5 fxe5 25. Rb1 axb4 26. axb4 Qf7 27. Rh4 Ra2 28. Qe1 Ba6 29. Ra1 Re2 30. Qf1 Bb5 31. Qg2 Rf8 0-1


[Site "https://www.chess.com"]

[Event "Titled Tuesday Blitz October 31 Early 2023"]
[White "Golubev, Mikhail"]
[Black "Tarnowska, Aleksandra"]
[WhiteFideId "14100983"]
[BlackFideId "1180967"]
[WhiteElo "2571"]
[BlackElo "2145"]
[Result "1-0"]
[Round "1"]
[TimeControl "180+1"]
[Date "2023.10.31"]
[WhiteClock "0:00:11"]
[BlackClock "0:00:00"]
[Board "175"]

1. e4 c5 2. Nf3 e6 3. d4 cxd4 4. Nxd4 a6 5. Bd3 Bc5 6. Be3 Qc7 7. Qg4 g6 8. Qe2 b5 9. a4 b4 10. Nd2 Bb7 11. O-O d6 12. N2b3 Ba7 13. f4 Nf6 14. f5 gxf5 15. Nxf5 exf5 16. Bxa7 Rxa7 17. Rxf5 Nbd7 18. Qf2 Bc6 19. Nd4 Rg8 20. Nxc6 Qxc6 21. Qxa7 Nxe4 22. Re1 Nc5 23. Rxc5 Qxc5+ 24. Qxc5 dxc5 25. Rxe4+ Kd7 26. Kf2 Kd6 27. Kf3 Rg5 28. Rf4 Ke7 29. h4 Rh5 30. Kg4 Rd5 31. Bc4 Rd2 32. Rxf7+ Kd6 33. Rf6+ Ke5 34. Rf5+ Kd4 35. Bb3 c4 36. Rf4+ Ke5 37. Rxc4 Rxg2+ 38. Kf3 Rh2 39. Rxb4 Rh3+ 40. Kg4 Rh1 41. Rb6 Rg1+ 42. Kh5 Rh1 43. Rxa6 h6 44. Rc6 Kf5 45. Rc5+ Kf4 46. a5 Kg3 47. Rc3+ Kf4 48. a6 Re1 49. a7 Re5+ 50. Kg6 Re6+ 51. Kf7 Ra6 52. Rc7 Kf5 53. Bd5 1-0


[Site "https://www.chess.com"]

[Event "Titled Tuesday Blitz October 31 Early 2023"]
[White "dontcatchmeifyoucant"]
[Black "Soham Kamotra"]
[BlackFideId "46647490"]
[WhiteElo "2138"]
[BlackElo "2570"]
[Result "0-1"]
[Round "1"]
[TimeControl "180+1"]
[Date "2023.10.31"]
[WhiteClock "0:00:00"]
[BlackClock "0:00:26"]
[Board "176"]

1. e4 Nf6 2. e5 Nd5 3. d4 Nb6 4. c4 d6 5. exd6 exd6 6. Bd3 Be7 7. Nc3 O-O 8. Nge2 c6 9. O-O Re8 10. b3 d5 11. c5 N6d7 12. b4 Nf8 13. a4 b6 14. Ng3 a5 15. Ba3 axb4 16. Bxb4 Na6 17. Ba3 bxc5 18. Nf5 Bxf5 19. Bxf5 cxd4 20. Qxd4 Bf6 21. Qd3 g6 22. Bg4 Ne6 23. Rae1 Nac5 24. Qc2 Nd4 25. Qd1 Nce6 26. Ne2 Qa5 27. Nxd4 Nxd4 28. Bb2 Rxe1 29. Rxe1 Nf3+ 30. Bxf3 Bxb2 31. Re2 Bf6 32. Rc2 Qxa4 33. g3 Rd8 34. Kg2 Rd6 35. Qc1 Kg7 36. Rc5 Qa1 37. Rc2 Qxc1 38. Rxc1 Bd4 39. Rd1 Bb6 40. h4 h6 41. Kh3 g5 42. Kg2 Rf6 43. hxg5 hxg5 44. Bg4 Rxf2+ 45. Kh3 Bc7 46. Bd7 Rc2 47. Kg4 Rc3 48. Kf5 Rxg3 49. Bxc6 f6 50. Rxd5 Rf3+ 51. Kg4 Rf4+ 52. Kh3 Rh4+ 53. Kg2 Be5 54. Rd7+ Kg6 55. Rd8 Kf5 56. Bd7+ Kf4 57. Be6 Ke3 58. Ra8 Rh2+ 59. Kg1 Rd2 60. Ra3+ Kf4 61. Ra4+ Bd4+ 62. Kf1 g4 0-1


[Site "https://www.chess.com"]

[Event "Titled Tuesday Blitz October 31 Early 2023"]
[White "borocotoajua"]
[Black "Feliz Dotel, Dewar Bienvenido"]
[BlackFideId "6402801"]
[WhiteElo "2567"]
[BlackElo "2136"]
[Result "1-0"]
[Round "1"]
[TimeControl "180+1"]
[Date "2023.10.31"]
[WhiteClock "0:01:47"]
[BlackClock "0:01:03"]
[Board "177"]

1. d4 Nf6 2. Nf3 e6 3. c4 d5 4. g3 c5 5. cxd5 Nxd5 6. Bg2 cxd4 7. O-O Nc6 8. Nxd4 Nxd4 9. Qxd4 Qf6 10. Qa4+ Bd7 11. Qb3 Bc6 12. Nd2 Qe7 13. Nc4 Qb4 14. Qc2 Be7 15. Bd2 Qb5 16. a4 Qa6 17. Rfb1 Nf6 18. b4 b5 19. axb5 Qxb5 20. Nd6+ Bxd6 21. Bxc6+ 1-0


[Site "https://www.chess.com"]

[Event "Titled Tuesday Blitz October 31 Early 2023"]
[White "Semenova, Alina"]
[Black "LeoLV10"]
[WhiteFideId "24113875"]
[WhiteElo "2134"]
[BlackElo "2566"]
[Result "0-1"]
[Round "1"]
[TimeControl "180+1"]
[Date "2023.10.31"]
[WhiteClock "0:00:10"]
[BlackClock "0:00:15"]
[Board "178"]

1. e4 c6 2. d4 d5 3. Nc3 dxe4 4. Nxe4 Nf6 5. Nxf6+ exf6 6. Nf3 Bd6 7. h3 O-O 8. Bd3 Re8+ 9. Be3 Nd7 10. O-O Nf8 11. c4 Be6 12. Qc2 Qd7 13. Rfe1 Rad8 14. Bf1 Bf5 15. Qc3 Ng6 16. Rad1 Be4 17. Nd2 Bf5 18. Nf3 h5 19. b4 Bb8 20. d5 Qc7 21. Bd3 Bxd3 22. Rxd3 cxd5 23. Red1 dxc4 24. Rxd8 Rxd8 25. Rxd8+ Qxd8 26. Qxc4 Qd1+ 27. Qf1 Qd5 28. Qc1 Kh7 29. a3 Ne5 30. Qc2+ g6 31. Nd2 f5 32. Nf1 Nc4 33. Qc3 Be5 34. Qb3 a6 35. Nd2 b5 36. Nxc4 bxc4 37. Qc2 Qe4 38. Qd1 c3 39. Kf1 Qc4+ 40. Qe2 Qb3 41. Bc5 Bg7 42. g4 fxg4 43. hxg4 c2 44. Be3 Qb1+ 45. Kg2 hxg4 46. Qxa6 c1=Q 47. Bxc1 Qxc1 48. Qd3 Qf4 49. b5 Bd4 50. Qe2 Bb6 51. Qa2 Qf3+ 52. Kh2 g3+ 53. fxg3 Bf2 54. Qb1 Qxg3+ 55. Kh1 Qh3# 0-1


[Site "https://www.chess.com"]

[Event "Titled Tuesday Blitz October 31 Early 2023"]
[White "Souza, Gustavo Horokoski De"]
[Black "Jaskolka, Tomasz"]
[WhiteFideId "2146584"]
[BlackFideId "1170791"]
[WhiteElo "2127"]
[BlackElo "2563"]
[Result "0-1"]
[Round "1"]
[TimeControl "180+1"]
[Date "2023.10.31"]
[WhiteClock "0:00:05"]
[BlackClock "0:00:23"]
[Board "180"]

1. d4 d5 2. c4 e5 3. dxe5 d4 4. a3 a5 5. Nf3 Nc6 6. g3 Nge7 7. Bg2 Ng6 8. O-O Ngxe5 9. Nxe5 Nxe5 10. b3 Bc5 11. Bb2 O-O 12. Nd2 Ba7 13. Nf3 Nxf3+ 14. Bxf3 c6 15. Rc1 Bh3 16. Re1 Qd7 17. c5 Rad8 18. Rc4 d3 19. Rd4 Qe7 20. exd3 Qxc5 21. Ree4 f5 22. Rh4 Bg4 23. b4 axb4 24. axb4 Qb6 25. Qb3+ Kh8 26. Bxg4 Rxd4 27. Bxd4 Qxd4 28. Qc2 fxg4 0-1


[Site "https://www.chess.com"]

[Event "Titled Tuesday Blitz October 31 Early 2023"]
[White "Aslanov, Umid"]
[Black "DonCiao"]
[WhiteFideId "13412620"]
[WhiteElo "2562"]
[BlackElo "2124"]
[Result "0-1"]
[Round "1"]
[TimeControl "180+1"]
[Date "2023.10.31"]
[WhiteClock "0:00:04"]
[BlackClock "0:00:26"]
[Board "181"]

1. e4 c5 2. Nf3 Nc6 3. d4 cxd4 4. Nxd4 Nf6 5. Nc3 e5 6. Ndb5 d6 7. Bg5 a6 8. Na3 b5 9. Nd5 Be7 10. Bxf6 Bxf6 11. c3 Bg5 12. Nc2 O-O 13. a4 bxa4 14. Rxa4 a5 15. Bc4 Rb8 16. b3 Ne7 17. h4 Bh6 18. Nce3 Kh8 19. Nxe7 Qxe7 20. Nd5 Qd8 21. g4 Bf4 22. Nxf4 exf4 23. f3 Be6 24. Bxe6 fxe6 25. Rd4 d5 26. exd5 exd5 27. Kf2 Qb6 28. Qd2 Qxb3 29. Rxf4 Rxf4 30. Qxf4 a4 31. h5 Re8 32. Re1 Qb2+ 33. Kg3 Qb8 34. Qxb8 Rxb8 35. Ra1 Ra8 36. Kf4 Kg8 37. Ke5 Ra5 38. Ra3 Kf7 39. f4 Ke7 40. g5 g6 41. f5 d4+ 42. Kf4 Rxf5+ 43. Kg4 d3 44. Rxa4 Rd5 45. Ra1 d2 46. Rd1 gxh5+ 47. Kxh5 Kd6 48. Kg4 Kc5 49. Kf3 Kc4 50. Ke4 Rd3 51. Ke5 Kxc3 52. Ke4 Kc2 53. Ra1 d1=Q 54. Rc1+ Kxc1 0-1


[Site "https://www.chess.com"]

[Event "Titled Tuesday Blitz October 31 Early 2023"]
[White "Guevara Sanchez, Erick Marvin"]
[Black "Jeet, Jain"]
[WhiteFideId "6700136"]
[BlackFideId "5073022"]
[WhiteElo "2120"]
[BlackElo "2561"]
[Result "0-1"]
[Round "1"]
[TimeControl "180+1"]
[Date "2023.10.31"]
[WhiteClock "0:00:03"]
[BlackClock "0:00:40"]
[Board "182"]

1. e4 c5 2. Nf3 e6 3. d4 cxd4 4. Nxd4 Nc6 5. Nc3 Nf6 6. Nxc6 bxc6 7. Bd3 d5 8. O-O Be7 9. e5 Nd7 10. f4 c5 11. Kh1 a5 12. a4 Ba6 13. Bxa6 Rxa6 14. Bd2 O-O 15. Nb5 Nb6 16. b3 d4 17. Qe1 Nd5 18. Rd1 g6 19. Qg3 f5 20. Rfe1 Kh8 21. Na3 Rg8 22. Qd3 Ra8 23. Nc4 g5 24. fxg5 Bxg5 25. Nd6 Ra7 26. Qf3 Rag7 27. Qh5 Bxd2 28. Rxd2 Qd7 29. g3 Rf8 30. Rf2 Ne3 31. Rf4 Ng4 32. Kg2 Qc6+ 33. Kg1 Nxe5 34. Rxe5 Qxd6 35. Qe2 Rf6 36. Rf1 h6 37. Re1 Rgg6 38. Qb5 f4 39. Qxa5 fxg3 40. hxg3 Rxg3+ 41. Kh2 Rgg6 42. Qa8+ Rg8 43. Qe4 Rg5 44. Qa8+ Kg7 45. Qb7+ Rf7 46. Qe4 Rff5 47. Qb7+ Kg6 48. Qc8 Rxe5 49. Qg8+ Kf6 50. Qh8+ Rg7 51. Qxh6+ Kf7 52. Qf4+ Ke7 53. Qxe5 Rh7+ 54. Kg1 Qc6 55. Qe4 Rg7+ 56. Kf2 Qc7 57. Qe5 Rf7+ 58. Kg1 Qc6 59. Qe4 Qd6 60. Qe5 Rf3 61. Qg7+ Kd8 62. Qg8+ Kc7 63. Qg7+ Kb6 64. Qe5 Qf8 65. Qxe6+ Ka5 66. Qg4 Rf7 67. Re5 Rf1+ 68. Kg2 Qf2+ 69. Kh3 Rh1# 0-1


[Site "https://www.chess.com"]

[Event "Titled Tuesday Blitz October 31 Early 2023"]
[White "Nurmanova, Alua"]
[Black "Baruch, Liam"]
[WhiteFideId "13729390"]
[BlackFideId "14322064"]
[WhiteElo "2559"]
[BlackElo "2114"]
[Result "1-0"]
[Round "1"]
[TimeControl "180+1"]
[Date "2023.10.31"]
[WhiteClock "0:00:24"]
[BlackClock "0:00:26"]
[Board "183"]

1. e4 e5 2. Nf3 Nc6 3. Bb5 a6 4. Ba4 Nf6 5. O-O b5 6. Bb3 Bc5 7. a4 Rb8 8. c3 d6 9. d4 Bb6 10. a5 Ba7 11. h3 O-O 12. Be3 exd4 13. cxd4 d5 14. e5 Ne4 15. Nbd2 Ne7 16. Nxe4 dxe4 17. Ng5 Bf5 18. d5 Bxe3 19. fxe3 Bg6 20. d6 cxd6 21. exd6 Nf5 22. Nxf7 Rxf7 23. Bxf7+ Kxf7 24. Qd5+ Kf8 25. g4 Qg5 26. Kh2 Qxe3 27. gxf5 Bh5 28. Rae1 Qh6 29. f6 gxf6 30. d7 Rd8 31. Rxe4 Bf7 32. Qd6+ Kg8 33. Rf2 Bg6 34. Ree2 Qf8 35. Qxf8+ Kxf8 36. Rxf6+ Kg7 37. Rd6 Bf5 38. Re7+ Kf8 39. Re8+ Rxe8 40. dxe8=Q+ Kxe8 41. Rxa6 Bd3 42. Rb6 b4 43. a6 Kd8 44. a7 Be4 45. Rb8+ Kc7 46. a8=Q Bxa8 47. Rxa8 h5 48. Rh8 Kd6 49. Rxh5 Ke6 50. Kg3 Kd6 51. Ra5 Ke6 52. Rb5 b3 53. Rxb3 Kd5 54. Rf3 Kd4 55. h4 Ke4 56. h5 Ke5 57. h6 Ke6 58. h7 Kd6 59. h8=Q Kd5 60. Qf6 Ke4 61. Qf5+ Kd4 62. Rd3+ Kc4 63. Qd5+ Kb4 64. Rb3+ Ka4 65. Qb5# 1-0


[Site "https://www.chess.com"]

[Event "Titled Tuesday Blitz October 31 Early 2023"]
[White "Lorenzo De La Riva, Lazaro"]
[Black "Guliev, Logman"]
[WhiteFideId "2268809"]
[BlackFideId "13400061"]
[WhiteElo "2105"]
[BlackElo "2558"]
[Result "0-1"]
[Round "1"]
[TimeControl "180+1"]
[Date "2023.10.31"]
[WhiteClock "0:00:00"]
[BlackClock "0:00:12"]
[Board "184"]

1. e4 c5 2. Nf3 d6 3. d4 cxd4 4. Nxd4 Nf6 5. Nc3 Nc6 6. Bc4 e6 7. Be3 a6 8. f3 Qc7 9. Qd2 Be7 10. Bb3 b5 11. h4 Na5 12. g4 Nc4 13. Bxc4 Qxc4 14. g5 Nh5 15. Rg1 Bb7 16. Qe2 Rc8 17. f4 b4 18. Qxh5 bxc3 19. b3 Qc7 20. Nxe6 Qc6 21. Nxg7+ Kf8 22. Qh6 Qxe4 23. Rg3 Qg6 24. Nf5+ Ke8 25. Nxe7 Kxe7 26. O-O-O Be4 27. Bd4 Qxh6 28. gxh6 Rhg8 29. Rg7 d5 30. Rdg1 Rgd8 31. R1g5 Rc6 32. Re5+ Kf8 33. Reg5 Rxh6 34. Rg8+ Ke7 35. Re5+ Kd7 36. Rxd8+ Kxd8 37. Bxc3 Rxh4 38. Bd2 Rh1+ 39. Kb2 Rh2 40. Kc3 Kd7 41. Be3 Rxc2+ 42. Kd4 Rxa2 43. Kc5 Rc2+ 44. Kb6 Rc6+ 45. Ka5 Rc3 46. Bd4 Rxb3 47. Rg5 Rd3 48. Bh8 Ra3+ 49. Kb4 Rf3 50. Be5 Ke6 0-1


[Site "https://www.chess.com"]

[Event "Titled Tuesday Blitz October 31 Early 2023"]
[White "NovoselovRoman"]
[Black "ChessDojo"]
[WhiteElo "2558"]
[BlackElo "2088"]
[Result "0-1"]
[Round "1"]
[TimeControl "180+1"]
[Date "2023.10.31"]
[WhiteClock "0:00:00"]
[BlackClock "0:00:54"]
[Board "185"]

1. d4 d5 2. Bf4 Nf6 3. e3 c5 4. c3 Nc6 5. Nd2 Bf5 6. Ngf3 cxd4 7. exd4 e6 8. Ne5 a6 9. Ndf3 Bd6 10. Bd3 Ne4 11. O-O O-O 12. Re1 f6 13. Nxc6 bxc6 14. Bxe4 dxe4 15. Bxd6 Qxd6 16. Nd2 Qf4 17. g3 Qg5 18. Nxe4 Qg6 19. Nc5 Rab8 20. Nd7 Rxb2 21. Nxf8 Kxf8 22. Qa4 Kg8 23. Qxc6 h6 24. c4 Bg4 25. Rac1 Qf5 26. f3 Bxf3 27. Qxe6+ Qxe6 28. Rxe6 Rg2+ 29. Kf1 Rxh2 30. Rc3 Bg4 31. Rxa6 Rb2 32. Ra8+ Kh7 33. c5 Bh3+ 34. Ke1 Rb1+ 35. Kd2 Rb2+ 36. Rc2 Rb4 37. Kc3 Rb1 38. c6 Re1 39. c7 Re3+ 40. Kb4 Re4 41. Rc4 Re1 0-1


[Site "https://www.chess.com"]